AoeStats
← p0ni spice latte

Black Forest

505137583Analyzed
2v2 RM · 24d ago on Sep 8, 2026· 69m 49s· 4 players
Game mode
Random Map
Map size
Medium (4 player)
Population
200
Speed
Normal
Resources
Standard
Victory
Conquest
Starting age
Dark Age
Ending age
Imperial Age
RankedLock teamsTeams togetherTeam positionsShared explorationLock speedFull tech treeHidden civsTurbo modeCheats
Victory
Defeat
🇲🇽 Celts · Mexico
1567
+14
🇧🇷 Britons · Brazil
1444
+19
🇫🇮 Dravidians · Finland
1527
-17
🇺🇸 Japanese · United States
1511
-16
GAX | ERV
11:27 Feudal Age
14:59 Castle Age
13:05 Double-Bit Axe
15:39 Fishing Lines
16:15 Bow Saw
19:16 Wheelbarrow
18:39 Horse Collar
21:14 Gillnets
24:23 Hand Cart
27:54 Imperial Age
26:40 Scale Mail Armor
26:40 Gold Mining
26:51 Heavy Plow
28:02 Forging
28:09 Chain Mail Armor
29:03 Gold Shaft Mining
28:01 Onager
29:45 Chemistry
28:50 Siege Engineers
29:07 Caravan
29:39 Conscription
29:51 Plate Mail Armor
30:02 Iron Casting
29:37 Arson
30:48 Loom
30:26 Elite Woad Raider
32:07 Blast Furnace
33:39 Capped Ram
35:05 Furor Celtica
36:13 Siege Ram
38:24 Heavy Scorpion
43:29 Siege Onager
52:04 Pikeman
52:48 Fletching
60:30 Man-at-Arms
61:04 Long Swordsman
62:27 Two-Handed Swordsman
62:54 Gambesons
63:29 Champion
GAX | Nuno
0:51 Loom
11:35 Feudal Age
12:26 Double-Bit Axe
17:20 Castle Age
19:15 Bow Saw
19:55 Horse Collar
23:27 Wheelbarrow
25:10 Town Watch
27:39 Hand Cart
28:22 Ballistics
30:39 Imperial Age
28:02 Elite Skirmisher
28:45 Padded Archer Armor
29:21 Fletching
29:38 Gold Mining
29:38 Stone Mining
30:19 Bodkin Arrow
30:41 Caravan
31:13 Heavy Plow
31:24 Bracer
30:47 Capped Ram
32:43 Yeomen
32:34 Onager
36:34 Chemistry
36:15 Warwolf
36:35 Conscription
36:55 Leather Archer Armor
37:25 Hoardings
40:59 Ring Archer Armor
39:59 Elite Longbowman
47:38 Two-Man Saw
58:54 Masonry
58:24 Treadmill Crane
61:34 Coinage
mundobear
0:49 Loom
14:38 Feudal Age
18:24 Castle Age
16:21 Fishing Lines
17:35 Double-Bit Axe
19:58 Gillnets
20:22 Bow Saw
24:42 Town Watch
29:05 Fletching
29:16 Padded Archer Armor
32:28 Imperial Age
30:34 Wheelbarrow
29:40 Horse Collar
30:19 Bodkin Arrow
30:38 Fortified Wall
30:38 Masonry
30:18 Crossbowman
31:22 Medical Corps
31:49 Hand Cart
32:32 Scale Mail Armor
32:42 Forging
33:10 Thumb Ring
33:22 Leather Archer Armor
33:32 Bracer
33:48 Husbandry
35:15 Chemistry
34:36 Ballistics
34:07 Guard Tower
34:03 Arrowslits
33:48 Onager
36:11 Leather Archer Armor
36:22 Chain Mail Armor
36:43 Iron Casting
36:10 Elite Elephant Archer
37:42 Keep
39:46 Conscription
41:02 Hoardings
40:31 Gold Mining
40:33 Stone Mining
41:38 Ring Archer Armor
41:38 Plate Mail Armor
41:22 Caravan
43:15 Scale Barding Armor
45:13 Blast Furnace
46:29 Chain Barding Armor
45:33 Elite Urumi Swordsman
51:52 Wootz Steel
56:43 Bombard Tower
57:36 Elite Skirmisher
62:08 Heavy Plow
66:33 Squires
65:54 Man-at-Arms
66:20 Gambesons
66:20 Arson
67:07 Light Cavalry
67:15 Long Swordsman
69:29 Two-Handed Swordsman
p0ni spice latte
1:09 Loom
13:03 Feudal Age
17:14 Castle Age
15:01 Fishing Lines
17:35 Town Watch
18:47 Double-Bit Axe
22:44 Gillnets
23:17 Fortified Wall
24:13 Gold Mining
24:54 Guard Tower
24:57 Fletching
25:59 Bodkin Arrow
26:32 Treadmill Crane
26:48 Murder Holes
27:58 Gold Shaft Mining
27:15 Stone Mining
28:31 Wheelbarrow
30:43 Imperial Age
28:07 Horse Collar
28:40 Bow Saw
30:50 Yasama
31:43 Bracer
33:35 Kataparuto
33:19 Scale Mail Armor
34:17 Keep
34:05 Ballistics
34:14 Squires
35:05 Conscription
35:09 Arrowslits
36:12 Chain Mail Armor
37:39 Plate Mail Armor
37:20 Forging
37:56 Siege Engineers
38:56 Chemistry
38:07 Masonry
38:50 Town Patrol
39:53 Iron Casting
39:48 Caravan
41:34 Blast Furnace
40:16 Elite Samurai
41:09 Arson
42:58 Hoardings
43:50 Heavy Plow
48:04 Onager
49:11 Bloodlines
49:01 Husbandry
48:23 Light Cavalry
50:37 Scale Barding Armor
51:51 Two-Man Saw
51:29 Coinage
51:52 Chain Barding Armor
57:01 Careening
57:02 Clinker Construction
59:33 Capped Ram
60:25 Gambesons
61:56 Cavalier
62:39 Padded Archer Armor
63:01 Elite Skirmisher
64:41 Leather Archer Armor
64:32 Thumb Ring
66:10 Ring Archer Armor
65:55 Man-at-Arms
67:20 Banking
67:41 Long Swordsman
67:47 Long Swordsman
Connection lost

Rejoining the realm…

Still unreachable

The connection could not be restored.

Session expired

The server has moved on; the page needs a fresh start.